 Dungeon Crawl Stone Soup version 0.30-a0-691-g754fce4c43 (webtiles) character file.

Game seed: 6098959413612460018

6639 IdlyInterested the Basher (level 10, -6/71 HPs)
             Began as a Demonspawn Gladiator on Jan 19, 2023.
             Mangled by a skeletal warrior
             ... wielding a +0 halberd
              (14 damage)
             ... on level 9 of the Dungeon.
             The game lasted 00:25:50 (8022 turns).

IdlyInterested the Basher (Demonspawn Gladiator)    Turns: 8022, Time: 00:25:50

Health: -6/71      AC:  7    Str: 18    XL:     10   Next: 72%
Magic:  10/10      EV: 13    Int:  9    God:
Gold:   484        SH:  5    Dex: 16    Spells: 9/9 levels left

rFire   . . .      SeeInvis +    C - +5 morningstar
rCold   . . .      Faith    .    (no shield)
rNeg    . . .      Spirit   .    j - +0 steam dragon scales
rPois   .          Reflect  +    (helmet unavailable)
rElec   .          Harm     .    x - +0 cloak
rCorr   .          Rampage  .    (no gloves)
Will    +....                    (no boots)
Stlth   ++                       o - amulet of reflection
HPRegen 0.31/turn                n - ring of willpower
MPRegen 0.12/turn                y - ring of see invisible

@: no status effects
A: hooves 1, horns 3, powered by death 2, demonic touch 1
a: no special abilities


You were on level 9 of the Dungeon.
You visited 2 branches of the dungeon, and saw 10 of its levels.

You collected 484 gold pieces.

Inventory:

Hand Weapons
 b - a +1 flail of protection
 g - a +1 vampiric whip
 w - a +1 whip of pain
 C - a +5 morningstar (weapon)
 F - the +5 mace of Greed {venom, +Blink}
   (You found it on level 6 of the Dungeon)

   +Blink:    It lets you blink.
 I - a -2 demon whip of venom
Missiles
 d - 5 throwing nets
 e - 3 javelins
 f - 102 stones (quivered)
 q - 14 poisoned darts
 L - a curare-tipped dart
Armour
 j - +0 steam dragon scales (worn)
 m - a +1 ring mail of willpower
 x - a +0 cloak (worn)
 E - a +1 plate armour
Magical Staves
 r - a staff of poison
 A - a staff of air
Jewellery
 a - a ring of wizardry
 n - a ring of willpower (left hand)
 o - an amulet of reflection (around neck)
 s - an amulet of guardian spirit
 y - a ring of see invisible (right hand)
 B - a ring of resist corrosion
 D - a +6 ring of intelligence
Wands
 G - a wand of charming (25)
 N - a wand of iceblast (7)
Scrolls
 p - 2 scrolls of teleportation
 t - a scroll of fear
 u - a scroll of enchant weapon
Potions
 c - 3 potions of mutation
 h - 3 potions of resistance
 i - 2 potions of brilliance
 k - 2 potions of curing
 v - 2 potions of heal wounds
 z - a potion of berserk rage
 H - a potion of cancellation
 J - a potion of ambrosia
 K - a potion of degeneration {unknown}


   Skills:
 - Level 4.0 Fighting
 + Level 13.3 Maces & Flails
 - Level 2.0 Throwing
 * Level 3.7 Armour
 - Level 3.0 Dodging
 - Level 2.0 Stealth
 - Level 4.0 Unarmed Combat
 - Level 2.0 Evocations


You had 9 spell levels left.
You didn't know any spells.
Your spell library contained the following spells:

 Spells                   Type           Power      Damage    Failure   Level
 Foxfire                  Conj/Fire      0%         2x1d4     38%         1
 Summon Small Mammal      Summ           0%         N/A       38%         1
 Call Canine Familiar     Summ           0%         N/A       77%         3
 Inner Flame              Hex/Fire       0%         N/A       77%         3
 Ozocubu's Armour         Ice            0%         N/A       77%         3
 Portal Projectile        Hex/Tloc       0%         N/A       77%         3
 Summon Guardian Golem    Hex/Summ       0%         N/A       77%         3
 Tukima's Dance           Hex            0%         N/A       77%         3
 Flame Wave               Conj/Fire      0%         2d4       99%         4
 Leda's Liquefaction      Hex/Erth       0%         N/A       99%         4
 Passage of Golubria      Tloc           0%         N/A       99%         4
 Sticky Flame             Conj/Fire      0%         2d3       99%         4
 Fireball                 Conj/Fire      0%         3d3       100%        5
 Lee's Rapid Deconstruct  Erth           0%         3d4*      100%        5
 Metabolic Englaciation   Hex/Ice        0%         N/A       100%        5
 Yara's Violent Unravell  Hex/Tmut       0%         3d3       100%        5
 Conjure Ball Lightning   Conj/Air       0%         3x3d6     100%        6
 Simulacrum               Ice/Necr       0%         N/A       100%        6
 Starburst                Conj/Fire      0%         6d3       100%        6
 Statue Form              Tmut/Erth      0%         N/A       100%        6
 Discord                  Hex            0%         N/A       100%        8
 Disjunction              Tloc           0%         N/A       100%        8


Dungeon Overview and Level Annotations

Branches:
Dungeon (9/15)             Temple (1/1) D:5            Lair (0/5) D:8
    Orc: D:9-12

Altars:
Ashenzari
Cheibriados
Fedhas
Gozag
Hepliaklqana
Kikubaaqudgha
Makhleb
Nemelex Xobeh
Okawaru
Qazlal
Ru
Trog
Uskayaw
Vehumet
Wu Jian
Xom
Yredelemnul


Innate Abilities, Weirdness & Mutations

You have large cloven feet.
You have a pair of large horns on your head.
You regenerate health from kills.
Your touch may inflict minor irresistible damage on your foes.


Message History

Found 6 gold pieces.
Found a stone staircase leading down.
There is a stone staircase leading up here.
You now have 484 gold pieces (gained 6).
There is a stone staircase leading up here.
You climb upwards.
There is a stone staircase leading down here.
You see here a +0 dagger.
There is a stone staircase leading down here.
You climb downwards.
Found a stone staircase leading down.
There is a stone staircase leading up here.
You climb upwards.
There is a stone staircase leading down here.
You climb downwards.
There is a stone staircase leading up here.
Okay, then.
Okay, then.
A skeletal warrior comes into view. It is wielding a +0 halberd.
A skeletal warrior comes into view. It is wielding a +0 hand axe.
A skeletal warrior and a bullfrog come into view.
The bullfrog gives a loud, deep croak!
A skeletal warrior comes into view. It is wielding a +0 war axe.
A skeletal warrior comes into view. It is wielding a +0 trident.
The +5 mace of Greed {venom, +Blink} stops dripping with poison.
C - a +5 morningstar (weapon)
The skeletal warrior hits you from afar with a +0 halberd.
Found a stone staircase leading down.
The bullfrog hits you. You block the bullfrog's attack.
The skeletal warrior hits you from afar with a +0 halberd!! x2
The bullfrog attacks as you move away! The bullfrog hits you.
The skeletal warrior hits you from afar with a +0 halberd!
* * * LOW HITPOINT WARNING * * *
You block the bullfrog's attack.
Aiming: Charm
Press: ? - help, Shift-Dir - straight line, f - bullfrog
Aim: a bullfrog (chance to affect: 54%)
The bullfrog resists with significant effort.
The bullfrog barely misses you.
The skeletal warrior hits you from afar with a +0 halberd!
You die...

### #.>######
#####.......##
#.....#......#
....z....#<.##
....#z.z##..# ..
##zz...##
##F...# ........
#.@...# ........
...........#
........
.###.#.......#
........
#..#..#......
...... . ##
.......##> ....
.. ###.........#
..## ..
.....#.........
...#.#
...#........##..
.....# #...


You could see 5 skeletal warriors and a bullfrog.

Vanquished Creatures
  Amaemon (D:8)
  Joseph (D:8)
  An orange demon (D:8)
  Maggie (D:7)
  2 trolls
  A hornet (D:8)
  Grinder (D:3)
  A shadow (D:9)
  A wyvern (D:8)
  A wraith (D:9)
  3 vampire mosquitoes (D:7)
  2 steam dragons
  A water moccasin (D:7)
  5 orc warriors
  4 black bears
  A sky beast (D:5)
  2 ogres (D:5)
  4 centaurs
  A kobold brigand (D:9)
  A necrophage (D:8)
  4 scorpions
  4 bullfrogs
  8 killer bees
  2 howler monkeys
  5 orc priests
  Crazy Yiuf (D:3)
  A gnoll bouda (D:7)
  5 iguanas
  5 orc wizards
  6 adders
  13 gnolls
  A shadow imp (D:6)
  2 white imps
  3 ufetubi
  3 worms
  A dart slug (D:4)
  14 orcs
  5 endoplasms
  3 giant cockroaches
  5 goblins
  5 hobgoblins
  4 jackals (D:1)
  12 kobolds
  4 quokkas
  6 ball pythons
  6 bats
  2 frilled lizards (D:1)
  3 rats (D:1)
168 creatures vanquished.

Vanquished Creatures (others)
  2 kobolds (D:9)
  A plant (D:8)
3 creatures vanquished.

Grand Total: 171 creatures vanquished

Notes
Turn   | Place    | Note
-------+----------+-------------------------------------------
     0 | D:1      | IdlyInterested the Demonspawn Gladiator began the quest for
                  | the Orb.
     0 | D:1      | Reached XP level 1. HP: 16/16 MP: 1/1
    61 | D:1      | Found a faded altar of an unknown god.
   155 | D:1      | Reached skill level 3 in Maces & Flails
   155 | D:1      | Discovered your monstrous ancestry.
   155 | D:1      | Gained mutation: You have a pair of small horns on your
                  | head. [demonic ancestry]
   155 | D:1      | Reached XP level 2. HP: 22/22 MP: 2/2
   774 | D:1      | Gained mutation: You have large cloven feet. [demonic
                  | ancestry]
   774 | D:1      | Reached XP level 3. HP: 27/27 MP: 3/3
  1865 | D:3      | Reached skill level 1 in Armour
  2044 | D:3      | Gained mutation: You regenerate a little health from kills.
                  | [demonic ancestry]
  2044 | D:3      | Reached XP level 4. HP: 28/33 MP: 4/4
  2045 | D:3      | Reached skill level 4 in Maces & Flails
  2076 | D:3      | Noticed Grinder
  2098 | D:3      | Killed Grinder
  2099 | D:3      | Reached skill level 5 in Maces & Flails
  2099 | D:3      | Gained mutation: You have a pair of horns on your head.
                  | [demonic ancestry]
  2099 | D:3      | Reached XP level 5. HP: 22/38 MP: 5/5
  2099 | D:3      | Reached XP level 6. HP: 25/44 MP: 6/6
  2435 | D:3      | Found a runed translucent door.
  2436 | D:3      | Noticed Crazy Yiuf
  2760 | D:3      | Killed Crazy Yiuf
  2921 | D:4      | Reached skill level 6 in Maces & Flails
  2921 | D:4      | Reached skill level 1 in Evocations
  3208 | D:4      | Identified the +4 sling "Byngool" {flame, Will++ Dex-4}
  3683 | D:4      | Gained mutation: Your touch may inflict minor irresistible
                  | damage on your foes. [demonic ancestry]
  3683 | D:4      | Reached XP level 7. HP: 50/50 MP: 7/7
  3763 | D:5      | Entered Level 5 of the Dungeon
  3976 | D:5      | Reached skill level 7 in Maces & Flails
  3980 | D:5      | Reached skill level 1 in Stealth
  4051 | D:5      | Found a staircase to the Ecumenical Temple.
  4101 | Temple   | Entered the Ecumenical Temple
  4518 | D:5      | Gained mutation: You regenerate health from kills. [demonic
                  | ancestry]
  4518 | D:5      | Reached XP level 8. HP: 49/56 MP: 8/8
  4520 | D:5      | Reached skill level 8 in Maces & Flails
  4739 | D:5      | Reached skill level 1 in Unarmed Combat
  4997 | D:6      | Reached skill level 9 in Maces & Flails
  5010 | D:6      | Identified the +5 mace of Greed {venom, +Blink}
  5604 | D:7      | Gained mutation: You have a pair of large horns on your
                  | head. [demonic ancestry]
  5604 | D:7      | Reached XP level 9. HP: 18/62 MP: 9/9
  5611 | D:7      | Reached skill level 10 in Maces & Flails
  5982 | D:7      | Noticed Maggie
  5992 | D:7      | Killed Maggie
  6396 | D:7      | Reached skill level 11 in Maces & Flails
  6950 | D:8      | Reached XP level 10. HP: 71/71 MP: 10/10
  7029 | D:8      | Reached skill level 12 in Maces & Flails
  7043 | D:8      | Noticed Joseph
  7055 | D:8      | Killed Joseph
  7067 | D:8      | Noticed Amaemon
  7070 | D:8      | Noticed an orange demon
  7096 | D:8      | Killed an orange demon
  7103 | D:8      | Killed Amaemon
  7290 | D:8      | Found a staircase to the Lair.
  7757 | D:9      | Reached skill level 13 in Maces & Flails
  8014 | D:9      | Noticed a skeletal warrior
  8015 | D:9      | Noticed a skeletal warrior
  8016 | D:9      | Noticed a skeletal warrior
  8016 | D:9      | Noticed a skeletal warrior
  8016 | D:9      | Noticed a skeletal warrior
  8022 | D:9      | Mangled by a skeletal warrior

Illustrated notes

Levels and vault maps discovered:
D:1:      dpeg_arrival_simpleton_c, layout_loops_corners,
          ebering_ecumenical_altar_petrified
D:2:      layout_rooms, serial_bayou_lagoon_a, minmay_misc_feat_rows,
          grunt_decor_mini_mirrors
D:3:      layout_basic, corexii_shack, kennysheep_minor_cross,
          dk_noncrumbling_2, kennysheep_boxes, uniq_crazy_yiuf_cottage,
          uniq_grinder
D:4:      layout_basic
D:5:      layout_rooms, minmay_temple_entry_large_hall, minmay_holes,
          nicolae_elevator_lobby_plus
D:6:      layout_rooms
D:7:      layout_loops_ring, hangedman_abyss_or_decor_lesser_grid, uniq_maggie
D:8:      layout_basic, grunt_lair_entry_orc_guard_hut, uniq_joseph,
          uniq_amaemon
D:9:      layout_cave_pools, amcnicky_altar_gilded, kennysheep_generic_room_14
Temple:   nicolae_temple_bog_church

Skill      XL: |  1  2  3  4  5  6  7  8  9 10 |
---------------+-------------------------------+-----
Dodging        | 3 |  3.0
Maces & Flails | 3 5 6 7 9 11 13 | 13.3
Throwing       | 2 |  2.0
Armour         | 1 2 3 |  3.7
Evocations     | 1 2 |  2.0
Stealth        | 2 |  2.0
Unarmed Combat | 2 3 4 |  4.0
Fighting       | 4 |  4.0

Action                   |  1- 3 |  4- 6 |  7- 9 | 10-12 || total
-------------------------+-------+-------+-------+-------++-------
Melee: Whip              |   104 |    41 |       |       ||   145
       Flail             |     4 |    39 |    66 |       ||   109
       Headbutt          |    13 |    21 |    40 |    19 ||    93
       Punch             |     1 |     1 |     7 |     2 ||    11
       Kick              |     5 |    23 |    62 |    31 ||   121
       Touch             |       |       |    39 |    18 ||    57
       Mace              |       |       |   119 |    70 ||   189
       Morningstar       |       |       |    11 |    18 ||    29
Throw: Javelin           |     4 |       |     3 |       ||     7
       Stone             |     3 |     2 |     2 |       ||     7
       Dart              |       |     1 |       |       ||     1
Evoke: Wand              |       |       |       |     1 ||     1
  Use: Scroll            |     9 |     1 |     5 |     2 ||    17
       Potion            |       |     2 |     3 |       ||     5
 Stab: Sleeping          |     5 |     3 |     1 |       ||     9
       Distracted        |       |       |     1 |       ||     1
Armor: Leather armour    |     8 |       |       |       ||     8
       Ring mail         |    28 |    28 |    35 |       ||    91
       Plate armour      |       |       |    39 |       ||    39
       Steam dragon scal |       |       |    12 |    19 ||    31
Dodge: Dodged            |    84 |    29 |    98 |    62 ||   273
Block: Other             |     8 |     9 |    49 |    31 ||    97
       Reflection        |       |       |       |     1 ||     1

Table legend: (Time is in decaauts)
 A = Elapsed time spent in this place.
 B = Non-inter-level travel time spent in this place.
 C = Inter-level travel time spent in this place.
 D = Time resting spent in this place.
 E = Time spent auto-exploring this place.
 F = Levels seen in this place.
 G = Mean time per level.
                   A        B        C        D        E       F      G
               +--------+--------+--------+--------+--------+-----+--------+
         Total |   8027 |   6879 |   1148 |    824 |   3997 |  10 |  802.7 |
       Dungeon |   7848 |   6705 |   1143 |    824 |   3843 |   9 |  872.0 |
        Temple |    178 |    173 |      5 |      0 |    154 |   1 |  178.0 |
               +--------+--------+--------+--------+--------+-----+--------+

Top non-repeatable levels by time:
     D:1: 1262 daAuts
     D:3: 1193 daAuts
     D:8: 1151 daAuts
     D:7: 1057 daAuts
     D:4: 1024 daAuts
     D:5: 849 daAuts
     D:6: 621 daAuts
     D:2: 519 daAuts
  Temple: 178 daAuts
     D:9: 169 daAuts
